[ AOE2 MATCH · #479260945 ]
Team RMBritons vs Slavs
[ REPLAY ANALYSIS · EXTRACTED FROM THE RECORDED GAME ]
Feudal
12:45
Castle
17:30
Imperial
34:59
| APM avg | 20.2 |
| APM peak | 53 |
| eAPM avg | 13.2 |
| Villagers / military | 119 / 471 |
Focus
⚔️ 37.5% · 🌾 62.5%
Spearman ×271 · Longbowman ×177 · Trade Cart ×22 · Trebuchet (Packed) ×22 · Monk ×1
Feudal
11:42
Castle
19:49
Imperial
30:14
| APM avg | 13.2 |
| APM peak | 33 |
| eAPM avg | 10.4 |
| Villagers / military | 121 / 305 |
Focus
⚔️ 29.4% · 🌾 70.6%
Throwing Axeman ×167 · Spearman ×70 · Knight ×50 · Bombard Cannon ×10 · Trade Cart ×5 · Battering Ram ×4
Feudal
13:12
Castle
18:01
Imperial
34:35
| APM avg | 25.0 |
| APM peak | 63 |
| eAPM avg | 13.9 |
| Villagers / military | 128 / 225 |
Focus
⚔️ 37.4% · 🌾 62.6%
Camel Scout ×120 · Hand Cannoneer ×84 · Bombard Cannon ×17 · Trade Cart ×14 · Armored Elephant ×3 · Monk ×1
Feudal
12:55
Castle
22:25
Imperial
31:50
| APM avg | 13.8 |
| APM peak | 38 |
| eAPM avg | 11.0 |
| Villagers / military | 121 / 385 |
Focus
⚔️ 34.2% · 🌾 65.8%
Spearman ×236 · Boyar ×139 · Trade Cart ×15 · Trebuchet (Packed) ×6 · Mangonel ×3 · Monk ×1
Match map
Initial resources + every placement click. Lines = walls · curves = elevation contours. ◆ gold · ⬟ stone · ● berries · ✦ relic · ◌ wall gap
Your base· Open — opponent sealed themselves in
MarioLog's base· ✓ Closed at 19:49 · 59t walls · no gate
nethten's base· Open — opponent sealed themselves in
leszard's base· ✓ Closed at 22:25 · 52t walls · no gate
Smoothed initial terrain · ◌ = detected wall gap · hover for details
Inputs per minute
— Gögi7 - - MarioLog
Build order — Gögi7
First 150 of 425 actions detected
| 0:02 | Build | House |
| 0:02 | Create | Villager (Male) |
| 0:03 | Create | Villager (Male) |
| 0:03 | Build | House |
| 1:13 | Research | Loom |
| 1:13 | Create | Villager (Male) |
| 1:35 | Create | Villager (Male) |
| 1:35 | Create | Villager (Male) |
| 2:00 | Create | Villager (Male) |
| 2:33 | Build | Palisade Wall |
| 3:02 | Build | Palisade Wall |
| 3:08 | Create | Villager (Male) |
| 3:35 | Create | Villager (Male) |
| 3:35 | Create | Villager (Male) |
| 4:12 | Build | House |
| 4:13 | Build | House |
| 4:14 | Build | House |
| 4:16 | Build | House |
| 4:28 | Create | Villager (Male) |
| 5:08 | Build | Lumber Camp |
| 5:37 | Create | Villager (Male) |
| 5:37 | Create | Villager (Male) |
| 6:13 | Create | Villager (Male) |
| 6:48 | Create | Villager (Male) |
| 6:49 | Create | Villager (Male) |
| 6:58 | Build | Mill |
| 8:05 | Create | Villager (Male) |
| 8:05 | Create | Villager (Male) |
| 8:05 | Create | Villager (Male) |
| 8:59 | Create | Villager (Male) |
| 9:41 | Create | Villager (Male) |
| 9:41 | Create | Villager (Male) |
| 9:53 | Build | Mill |
| 10:10 | Research | Feudal Age |
| 11:05 | Build | Mining Camp |
| 11:12 | Create | Villager (Male) |
| 11:13 | Create | Villager (Male) |
| 11:13 | Create | Villager (Male) |
| 12:45 | Age | Feudal Age |
| 12:55 | Build | Stone Wall |
| 13:13 | Create | Villager (Male) |
| 13:25 | Build | Market |
| 13:29 | Build | Blacksmith |
| 14:22 | Create | Villager (Male) |
| 14:42 | Research | Castle Age |
| 14:55 | Build | Farm |
| 14:56 | Build | Farm |
| 14:56 | Build | Farm |
| 14:56 | Build | Farm |
| 14:56 | Build | Farm |
| 14:58 | Build | Farm |
| 15:00 | Research | Horse Collar |
| 15:06 | Research | Double-Bit Axe |
| 15:29 | Build | House |
| 15:30 | Build | House |
| 15:31 | Build | House |
| 15:36 | Build | House |
| 15:37 | Build | House |
| 15:38 | Build | House |
| 15:39 | Build | House |
| 15:40 | Build | House |
| 15:57 | Create | Villager (Male) |
| 15:57 | Create | Villager (Male) |
| 16:12 | Research | Wheelbarrow |
| 16:59 | Build | Mining Camp |
| 17:30 | Age | Castle Age |
| 17:39 | Build | Town Center |
| 18:01 | Research | Bow Saw |
| 18:06 | Build | Farm |
| 18:29 | Create | Villager (Male) |
| 18:30 | Create | Villager (Male) |
| 18:49 | Create | Villager (Male) |
| 18:49 | Create | Villager (Male) |
| 18:49 | Create | Villager (Male) |
| 19:37 | Build | Town Center |
| 19:58 | Build | Monastery |
| 20:28 | Create | Villager (Male) |
| 20:28 | Create | Villager (Male) |
| 20:29 | Create | Villager (Male) |
| 20:29 | Create | Villager (Male) |
| 20:29 | Create | Villager (Male) |
| 20:30 | Create | Villager (Male) |
| 20:56 | Research | Heavy Plow |
| 20:57 | Create | Villager (Male) |
| 20:57 | Create | Villager (Male) |
| 21:06 | Build | Farm |
| 21:20 | Research | Stone Mining |
| 21:23 | Create | Monk |
| 21:44 | Build | Siege Workshop |
| 21:53 | Build | Outpost |
| 21:55 | Build | Outpost |
| 22:13 | Build | Barracks |
| 22:20 | Create | Villager (Male) ×2 |
| 22:21 | Create | Villager (Male) |
| 22:56 | Create | Villager (Male) |
| 22:57 | Create | Villager (Male) |
| 22:58 | Create | Villager (Male) |
| 23:09 | Build | Farm |
| 23:09 | Build | Farm |
| 23:10 | Build | Farm |
| 23:10 | Build | Farm |
| 23:11 | Build | Farm |
| 23:28 | Create | Villager (Male) |
| 23:32 | Create | Villager (Male) |
| 23:33 | Create | Villager (Male) |
| 23:46 | Create | Villager (Male) |
| 24:03 | Create | Villager (Male) |
| 24:12 | Build | Farm |
| 24:12 | Build | Farm |
| 24:12 | Build | Farm |
| 24:12 | Build | Farm |
| 24:14 | Build | Farm |
| 24:30 | Build | Castle |
| 24:36 | Build | Mining Camp |
| 24:54 | Build | Market |
| 25:10 | Build | Farm |
| 25:10 | Build | Farm |
| 25:10 | Build | Farm |
| 25:11 | Build | Farm |
| 25:13 | Create | Villager (Male) ×5 |
| 25:14 | Create | Villager (Male) |
| 25:19 | Research | Town Watch |
| 25:35 | Build | University |
| 25:38 | Research | Gold Mining |
| 25:41 | Create | Villager (Male) |
| 25:42 | Create | Villager (Male) |
| 26:00 | Build | Lumber Camp |
| 26:13 | Build | House |
| 26:14 | Build | House |
| 26:15 | Build | House |
| 26:16 | Build | House |
| 26:18 | Build | House |
| 26:19 | Build | House |
| 26:21 | Build | House |
| 26:22 | Build | House |
| 26:24 | Build | House |
| 26:24 | Build | House |
| 26:25 | Build | House |
| 26:27 | Build | House |
| 26:33 | Create | Villager (Male) ×5 |
| 26:34 | Create | Villager (Male) |
| 26:36 | Create | Villager (Male) |
| 26:42 | Create | Longbowman |
| 26:42 | Create | Longbowman |
| 26:42 | Create | Longbowman |
| 26:42 | Create | Longbowman |
| 26:43 | Create | Longbowman |
| 27:37 | Build | Town Center |
| 27:38 | Create | Villager (Male) ×5 |
| 27:57 | Create | Villager (Male) |
Build order — MarioLog
First 150 of 393 actions detected
| 0:05 | Build | House |
| 0:05 | Build | House |
| 0:06 | Build | House |
| 0:07 | Build | House |
| 0:09 | Research | Loom |
| 0:09 | Create | Villager (Male) |
| 0:10 | Create | Villager (Male) |
| 0:10 | Create | Villager (Male) |
| 0:53 | Build | Palisade Wall |
| 1:14 | Create | Villager (Male) |
| 1:14 | Create | Villager (Male) |
| 1:57 | Create | Villager (Male) |
| 2:40 | Create | Villager (Male) |
| 3:09 | Create | Villager (Male) |
| 3:10 | Create | Villager (Male) |
| 3:38 | Create | Villager (Male) |
| 3:38 | Create | Villager (Male) |
| 4:06 | Create | Villager (Male) |
| 4:07 | Create | Villager (Male) |
| 4:07 | Create | Villager (Male) |
| 4:52 | Create | Villager (Male) |
| 4:53 | Create | Villager (Male) |
| 5:20 | Create | Villager (Male) |
| 5:20 | Create | Villager (Male) |
| 5:21 | Create | Villager (Male) |
| 5:21 | Create | Villager (Male) |
| 5:54 | Create | Villager (Male) |
| 5:55 | Create | Villager (Male) |
| 6:19 | Create | Villager (Male) |
| 6:19 | Create | Villager (Male) |
| 6:52 | Build | Mill |
| 8:00 | Build | Lumber Camp |
| 8:01 | Create | Villager (Male) |
| 8:02 | Create | Villager (Male) |
| 9:06 | Create | Villager (Male) |
| 9:26 | Research | Feudal Age |
| 9:58 | Build | House |
| 9:59 | Build | House |
| 10:01 | Build | House |
| 10:02 | Build | House |
| 10:04 | Build | House |
| 10:09 | Build | House |
| 10:11 | Build | House |
| 10:50 | Build | Mining Camp |
| 10:58 | Create | Villager (Male) |
| 10:58 | Create | Villager (Male) |
| 10:58 | Create | Villager (Male) |
| 11:42 | Age | Feudal Age |
| 11:47 | Build | Stone Wall |
| 12:47 | Create | Villager (Male) |
| 12:47 | Create | Villager (Male) |
| 13:03 | Build | Blacksmith |
| 13:29 | Build | Market |
| 13:36 | Create | Villager (Male) |
| 13:36 | Create | Villager (Male) |
| 13:44 | Build | Stone Wall |
| 14:06 | Build | Farm |
| 14:06 | Build | Farm |
| 14:07 | Build | Farm |
| 14:19 | Build | Farm |
| 14:24 | Create | Villager (Male) |
| 14:43 | Build | Farm |
| 14:50 | Build | Farm |
| 14:50 | Build | Farm |
| 14:50 | Build | Farm |
| 14:51 | Build | Farm |
| 14:51 | Build | Farm |
| 14:51 | Build | Farm |
| 14:52 | Build | Farm |
| 14:52 | Build | Farm |
| 14:52 | Build | Farm |
| 15:07 | Create | Villager (Male) |
| 15:30 | Build | Farm |
| 15:30 | Build | Farm |
| 15:30 | Build | Farm |
| 15:32 | Build | Farm |
| 15:34 | Create | Villager (Male) |
| 15:54 | Build | Stone Wall |
| 15:59 | Create | Villager (Male) |
| 16:05 | Build | Farm |
| 16:05 | Build | Farm |
| 16:26 | Create | Villager (Male) |
| 16:34 | Build | Farm |
| 16:55 | Build | Farm |
| 17:09 | Research | Castle Age |
| 17:33 | Create | Villager (Male) |
| 17:33 | Create | Villager (Male) |
| 17:45 | Build | Stone Wall |
| 17:52 | Build | Stone Wall |
| 18:12 | Build | House |
| 18:14 | Build | House |
| 18:16 | Build | House |
| 18:18 | Build | House |
| 18:20 | Build | House |
| 18:24 | Build | House |
| 18:26 | Build | House |
| 18:27 | Build | House |
| 18:28 | Build | House |
| 19:38 | Research | Wheelbarrow |
| 19:42 | Create | Villager (Male) |
| 19:43 | Create | Villager (Male) |
| 19:43 | Create | Villager (Male) |
| 19:43 | Create | Villager (Male) |
| 19:49 | Age | Castle Age |
| 19:53 | Build | Town Center |
| 20:34 | Build | Town Center |
| 21:03 | Build | Stone Wall |
| 21:08 | Build | Gate |
| 22:00 | Create | Villager (Male) |
| 22:00 | Create | Villager (Male) |
| 22:00 | Create | Villager (Male) |
| 22:01 | Create | Villager (Male) |
| 22:01 | Create | Villager (Male) |
| 22:13 | Build | Farm |
| 22:46 | Create | Villager (Male) |
| 22:46 | Create | Villager (Male) |
| 22:46 | Create | Villager (Male) |
| 22:47 | Create | Villager (Male) |
| 22:47 | Create | Villager (Male) |
| 22:47 | Create | Villager (Male) |
| 22:48 | Create | Villager (Male) |
| 23:12 | Build | House |
| 23:12 | Build | House |
| 23:12 | Build | House |
| 23:13 | Build | House |
| 23:14 | Build | House |
| 23:14 | Build | House |
| 23:15 | Build | House |
| 23:15 | Build | House |
| 23:15 | Build | House |
| 23:15 | Build | House |
| 23:16 | Build | House |
| 23:16 | Build | House |
| 23:17 | Build | House |
| 23:17 | Build | House |
| 23:45 | Build | Farm |
| 23:45 | Build | Farm |
| 23:48 | Create | Villager (Male) |
| 23:49 | Create | Villager (Male) |
| 23:49 | Create | Villager (Male) |
| 23:49 | Create | Villager (Male) |
| 23:49 | Create | Villager (Male) |
| 24:07 | Build | Castle |
| 24:22 | Build | Farm |
| 24:29 | Create | Villager (Male) |
| 24:29 | Create | Villager (Male) |
| 24:29 | Create | Villager (Male) |
| 24:29 | Create | Villager (Male) |
| 24:35 | Build | Farm |
| 24:35 | Build | Farm |
Build order — nethten
First 150 of 311 actions detected
| 0:03 | Build | House |
| 0:04 | Create | Villager (Male) ×4 |
| 0:06 | Build | House |
| 1:14 | Create | Villager (Male) |
| 1:46 | Create | Villager (Male) |
| 2:25 | Create | Villager (Male) ×2 |
| 2:39 | Build | House |
| 3:50 | Build | House |
| 4:08 | Build | Lumber Camp |
| 4:23 | Create | Villager (Male) ×4 |
| 5:55 | Build | Palisade Wall |
| 6:02 | Create | Villager (Male) ×2 |
| 6:20 | Create | Villager (Male) |
| 6:48 | Build | Mill |
| 7:28 | Build | House |
| 7:42 | Create | Villager (Male) ×5 |
| 9:06 | Build | Lumber Camp |
| 9:12 | Create | Villager (Male) |
| 9:12 | Create | Villager (Male) |
| 9:12 | Create | Villager (Male) |
| 10:16 | Build | Mining Camp |
| 11:01 | Research | Feudal Age |
| 11:29 | Build | House |
| 13:12 | Age | Feudal Age |
| 13:24 | Create | Villager (Male) |
| 13:24 | Create | Villager (Male) |
| 13:41 | Build | Market |
| 13:49 | Build | Blacksmith |
| 15:21 | Research | Castle Age |
| 15:24 | Research | Double-Bit Axe |
| 15:31 | Research | Horse Collar |
| 15:47 | Build | Farm |
| 16:52 | Build | Lumber Camp |
| 17:15 | Build | House |
| 18:01 | Age | Castle Age |
| 18:08 | Build | Town Center |
| 18:10 | Create | Villager (Male) ×5 |
| 18:14 | Research | Bow Saw |
| 18:14 | Research | Heavy Plow |
| 18:40 | Build | Farm |
| 19:08 | Build | Monastery |
| 19:28 | Build | Farm |
| 19:29 | Build | Farm |
| 19:40 | Build | Farm |
| 19:42 | Build | Farm |
| 19:44 | Build | Farm |
| 19:48 | Research | Wheelbarrow |
| 19:48 | Create | Villager (Male) ×2 |
| 20:01 | Create | Monk |
| 20:01 | Research | Fervor |
| 20:04 | Build | Farm |
| 20:10 | Build | Farm |
| 20:12 | Create | Villager (Male) |
| 20:14 | Research | Loom |
| 20:20 | Build | Town Center |
| 20:27 | Build | Farm |
| 20:29 | Create | Villager (Male) |
| 21:22 | Build | Town Center |
| 21:24 | Create | Villager (Male) ×3 |
| 21:34 | Build | Farm |
| 21:36 | Create | Villager (Male) ×2 |
| 21:55 | Build | Stone Wall |
| 21:59 | Build | Stone Wall |
| 22:05 | Build | Gate |
| 22:08 | Build | Gate |
| 22:14 | Build | Farm |
| 22:20 | Build | Farm |
| 22:21 | Create | Villager (Male) ×4 |
| 22:27 | Build | House |
| 22:27 | Build | House |
| 22:27 | Build | House |
| 22:28 | Build | House |
| 22:28 | Build | House |
| 22:29 | Build | House |
| 22:30 | Build | House |
| 22:30 | Build | House |
| 22:30 | Build | House |
| 22:31 | Build | House |
| 22:31 | Build | House |
| 22:34 | Create | Villager (Male) |
| 22:45 | Create | Villager (Male) ×2 |
| 22:57 | Build | Farm |
| 22:59 | Build | Farm |
| 23:02 | Build | Farm |
| 23:26 | Build | Farm |
| 23:28 | Create | Villager (Male) ×5 |
| 23:31 | Build | Farm |
| 23:34 | Build | Farm |
| 24:17 | Build | Town Center |
| 24:18 | Create | Villager (Male) ×5 |
| 24:39 | Create | Villager (Male) ×5 |
| 24:47 | Build | Farm |
| 24:49 | Build | Farm |
| 25:01 | Create | Villager (Male) |
| 25:01 | Create | Villager (Male) |
| 25:13 | Build | University |
| 25:19 | Build | Farm |
| 25:23 | Build | Farm |
| 25:30 | Create | Villager (Male) ×5 |
| 25:37 | Build | Farm |
| 25:39 | Build | Farm |
| 25:44 | Build | Farm |
| 25:55 | Build | Market |
| 26:16 | Create | Villager (Male) ×5 |
| 26:20 | Create | Villager (Male) ×5 |
| 26:25 | Build | Farm |
| 26:27 | Build | Farm |
| 26:44 | Build | Outpost |
| 26:46 | Build | Outpost |
| 26:53 | Build | Farm |
| 26:55 | Create | Villager (Male) ×5 |
| 27:00 | Build | Mining Camp |
| 27:06 | Research | Gold Mining |
| 27:06 | Research | Stone Mining |
| 27:10 | Build | Mining Camp |
| 27:17 | Build | Farm |
| 27:20 | Build | Farm |
| 27:36 | Build | Farm |
| 27:40 | Build | Farm |
| 27:52 | Build | Farm |
| 27:55 | Build | Farm |
| 27:57 | Build | Farm |
| 27:58 | Create | Villager (Male) ×5 |
| 27:59 | Create | Villager (Male) ×5 |
| 28:09 | Build | House |
| 28:10 | Build | House |
| 28:10 | Build | House |
| 28:10 | Build | House |
| 28:11 | Build | House |
| 28:17 | Research | Caravan |
| 28:19 | Create | Trade Cart ×5 |
| 28:30 | Build | Farm |
| 28:36 | Build | Lumber Camp |
| 28:38 | Research | Hand Cart |
| 28:39 | Create | Villager (Male) ×5 |
| 28:52 | Build | Farm |
| 28:56 | Build | Farm |
| 29:15 | Build | Farm |
| 29:18 | Build | Mining Camp |
| 29:22 | Build | Mining Camp |
| 29:27 | Build | Mining Camp |
| 29:30 | Build | Mining Camp |
| 29:32 | Build | Farm |
| 29:35 | Build | Farm |
| 29:38 | Create | Villager (Male) ×5 |
| 29:42 | Build | Barracks |
| 30:04 | Build | Castle |
| 30:14 | Research | Gold Shaft Mining |
| 30:14 | Research | Stone Shaft Mining |
| 30:17 | Create | Trade Cart ×4 |
Build order — leszard
First 150 of 356 actions detected
| 0:02 | Research | Loom |
| 0:02 | Create | Villager (Male) |
| 0:02 | Create | Villager (Male) |
| 0:03 | Create | Villager (Male) |
| 0:04 | Create | Villager (Male) |
| 0:11 | Build | House |
| 1:26 | Build | Palisade Wall |
| 2:17 | Build | House |
| 2:34 | Create | Villager (Male) |
| 3:06 | Create | Villager (Male) |
| 3:43 | Create | Villager (Male) |
| 4:08 | Create | Villager (Male) |
| 4:20 | Build | Mill |
| 4:41 | Build | House |
| 4:46 | Create | Villager (Male) |
| 5:06 | Create | Villager (Male) |
| 5:54 | Create | Villager (Male) |
| 5:54 | Create | Villager (Male) |
| 6:30 | Create | Villager (Male) |
| 7:25 | Create | Villager (Male) |
| 7:26 | Create | Villager (Male) |
| 7:46 | Create | Villager (Male) |
| 8:04 | Build | House |
| 8:32 | Create | Villager (Male) |
| 8:33 | Create | Villager (Male) |
| 8:34 | Create | Villager (Male) |
| 8:49 | Create | Villager (Male) |
| 9:02 | Create | Villager (Male) |
| 9:14 | Build | Lumber Camp |
| 10:13 | Build | House |
| 10:26 | Research | Feudal Age |
| 11:44 | Create | Villager (Male) |
| 11:44 | Create | Villager (Male) |
| 12:34 | Create | Villager (Male) |
| 12:55 | Age | Feudal Age |
| 13:02 | Build | Stone Wall |
| 13:13 | Research | Double-Bit Axe |
| 13:18 | Research | Wheelbarrow |
| 13:32 | Build | Mining Camp |
| 13:53 | Build | House |
| 13:54 | Build | House |
| 13:55 | Build | House |
| 13:58 | Create | Villager (Male) |
| 13:59 | Create | Villager (Male) |
| 14:39 | Build | Market |
| 14:48 | Build | Blacksmith |
| 14:51 | Create | Villager (Male) |
| 15:30 | Build | Farm |
| 15:34 | Build | Farm |
| 15:38 | Create | Villager (Male) |
| 15:52 | Build | Watch Tower |
| 16:00 | Build | Mining Camp |
| 16:05 | Create | Villager (Male) |
| 16:06 | Create | Villager (Male) |
| 16:22 | Create | Villager (Male) |
| 16:40 | Build | Farm |
| 16:44 | Build | Farm |
| 17:05 | Build | Farm |
| 17:11 | Build | Farm |
| 17:23 | Create | Villager (Male) |
| 17:31 | Research | Stone Mining |
| 17:38 | Build | Farm |
| 17:42 | Build | Farm |
| 17:46 | Research | Horse Collar |
| 17:49 | Build | Farm |
| 18:00 | Build | Stone Wall |
| 18:04 | Build | Farm |
| 18:10 | Research | Gold Mining |
| 18:30 | Build | Farm |
| 18:32 | Create | Villager (Male) |
| 18:33 | Create | Villager (Male) |
| 18:44 | Build | Stone Wall |
| 19:04 | Build | Farm |
| 19:06 | Build | Farm |
| 19:16 | Build | Farm |
| 19:40 | Build | Farm |
| 19:45 | Research | Castle Age |
| 20:06 | Build | Stone Wall |
| 20:13 | Build | Stone Wall |
| 20:21 | Create | Villager (Male) |
| 20:21 | Create | Villager (Male) |
| 22:25 | Age | Castle Age |
| 22:36 | Build | Town Center |
| 22:44 | Create | Villager (Male) |
| 22:44 | Create | Villager (Male) |
| 22:51 | Research | Bow Saw |
| 22:54 | Research | Heavy Plow |
| 23:01 | Build | Farm |
| 23:11 | Build | Town Center |
| 23:29 | Build | Stone Wall |
| 23:33 | Build | Farm |
| 23:56 | Create | Villager (Male) |
| 23:56 | Create | Villager (Male) |
| 23:56 | Create | Villager (Male) |
| 23:56 | Create | Villager (Male) |
| 23:57 | Create | Villager (Male) |
| 23:57 | Create | Villager (Male) |
| 23:57 | Create | Villager (Male) |
| 24:08 | Create | Villager (Male) |
| 24:08 | Create | Villager (Male) |
| 24:08 | Create | Villager (Male) |
| 24:09 | Create | Villager (Male) |
| 24:09 | Create | Villager (Male) |
| 24:09 | Create | Villager (Male) |
| 24:29 | Build | House |
| 24:31 | Build | House |
| 24:33 | Build | House |
| 24:34 | Build | House |
| 24:35 | Build | House |
| 24:43 | Build | House |
| 24:44 | Build | House |
| 24:45 | Build | House |
| 24:46 | Build | House |
| 24:47 | Build | House |
| 24:50 | Create | Villager (Male) |
| 24:51 | Create | Villager (Male) |
| 24:51 | Create | Villager (Male) |
| 24:51 | Create | Villager (Male) |
| 24:51 | Create | Villager (Male) |
| 24:52 | Create | Villager (Male) |
| 24:52 | Create | Villager (Male) |
| 24:52 | Create | Villager (Male) |
| 24:54 | Create | Villager (Male) |
| 25:11 | Create | Villager (Male) |
| 25:11 | Create | Villager (Male) |
| 25:13 | Create | Villager (Male) |
| 25:32 | Research | Gold Shaft Mining |
| 25:49 | Research | Hand Cart |
| 25:51 | Create | Villager (Male) |
| 25:51 | Create | Villager (Male) |
| 25:51 | Create | Villager (Male) |
| 25:52 | Create | Villager (Male) |
| 25:52 | Create | Villager (Male) |
| 26:22 | Build | Stone Wall |
| 26:32 | Create | Villager (Male) ×5 |
| 26:47 | Build | Siege Workshop |
| 26:56 | Build | Farm |
| 27:20 | Build | Monastery |
| 27:23 | Build | Farm |
| 27:34 | Build | Farm |
| 27:37 | Build | Farm |
| 27:46 | Build | Farm |
| 27:50 | Create | Mangonel |
| 27:59 | Build | Farm |
| 28:24 | Build | Farm |
| 28:27 | Build | Farm |
| 28:30 | Research | Imperial Age |
| 28:35 | Build | Farm |
| 28:38 | Build | Farm |
| 28:44 | Build | Farm |
Match timeline
| 0:53 | MarioLog · wall_segment Palisade Wall x14 |
| 1:26 | leszard · wall_segment Palisade Wall x16 |
| 2:33 | Gögi7 · wall_segment Palisade Wall x7 |
| 3:02 | Gögi7 · wall_segment Palisade Wall x9 |
| 5:55 | nethten · wall_segment Palisade Wall x12 |
| 11:42 | MarioLog · age_up feudal |
| 11:47 | MarioLog · wall_segment Stone Wall x10 |
| 12:45 | Gögi7 · age_up feudal |
| 12:55 | Gögi7 · wall_segment Stone Wall x13 |
| 12:55 | leszard · age_up feudal |
| 13:02 | leszard · wall_segment Stone Wall x14 |
| 13:12 | nethten · age_up feudal |
| 13:44 | MarioLog · wall_segment Stone Wall x10 |
| 15:54 | MarioLog · wall_segment Stone Wall x12 |
| 17:30 | Gögi7 · age_up castle |
| 17:45 | MarioLog · wall_segment Stone Wall x1 |
| 17:52 | MarioLog · wall_segment Stone Wall x13 |
| 18:00 | leszard · wall_segment Stone Wall x14 |
| 18:01 | nethten · age_up castle |
| 18:44 | leszard · wall_segment Stone Wall x11 |
| 19:08 | nethten · first_building Monastery |
| 19:49 | MarioLog · age_up castle |
| 19:58 | Gögi7 · first_building Monastery |
| 20:06 | leszard · wall_segment Stone Wall x8 |
| 20:13 | leszard · wall_segment Stone Wall x13 |
| 21:00 | nethten · first_market_buy 100 wood |
| 21:03 | MarioLog · wall_segment Stone Wall x10 |
| 21:44 | Gögi7 · first_building Siege Workshop |
| 21:55 | nethten · wall_segment Stone Wall x8 |
| 21:59 | nethten · wall_segment Stone Wall x9 |
| 22:13 | Gögi7 · first_building Barracks |
| 22:25 | leszard · age_up castle |
| 23:29 | leszard · wall_segment Stone Wall x10 |
| 24:07 | MarioLog · first_building Castle |
| 24:30 | Gögi7 · first_building Castle |
| 26:20 | MarioLog · first_building Monastery |
| 26:22 | leszard · wall_segment Stone Wall x11 |
| 26:47 | leszard · first_building Siege Workshop |
| 27:20 | leszard · first_building Monastery |
| 27:58 | MarioLog · first_building Siege Workshop |
| 29:18 | leszard · wall_segment Stone Wall x9 |
| 29:42 | nethten · first_building Barracks |
| 30:04 | nethten · first_building Castle |
| 30:14 | MarioLog · age_up imperial |
| 30:47 | leszard · first_building Castle |
| 31:03 | nethten · first_building Stable |
| 31:46 | Gögi7 · first_market_buy 100 food |
| 31:50 | leszard · age_up imperial |
| 32:17 | leszard · first_building Barracks |
| 32:26 | nethten · first_building Siege Workshop |
| 32:56 | nethten · first_building Archery Range |
| 34:35 | nethten · age_up imperial |
| 34:59 | Gögi7 · age_up imperial |
| 35:43 | MarioLog · first_building Barracks |
| 37:33 | Gögi7 · first_market_sell 100 wood |
| 38:29 | MarioLog · first_building Stable |
| 38:35 | leszard · first_building Stable |
| 39:29 | leszard · wall_segment Stone Wall x6 |
| 47:35 | nethten · first_market_sell 500 wood |
| 54:03 | leszard · wall_segment Stone Wall x8 |
| 54:32 | leszard · wall_segment Stone Wall x16 |
| 55:48 | Gögi7 · wall_segment Stone Wall x12 |
| 56:52 | leszard · resign |
[ AI ANALYSIS · 1 CREDIT ]
What really happened in this match?
Wolo.gg analyzes every decision: build order, eco, micro, common mistakes by bracket. Personalized analysis on WhatsApp or Discord in 30 seconds.
Civ guide
Britons
Map guide
Black Forest
Perfil
Jugador #2930193